Devils vs Sharks

Created - December 13, 2015 at 10:26

Goals
1 2 3 OT1 T
Devils 2 0 1 1 4
Sharks 1 0 2 0 3
Shots
1 2 3 OT1 T
Devils 8 17 12 1 38
Sharks 10 6 9 0 25

1st period

1. Sharks , Nikolai Kulemin 14 (Stephen Weiss) at 1:11 (SH)
2. Devils , Brandon Sutter 10 (Mikko Koivu, Trevor Daley) at 6:52
3. Devils , Chris Terry 5 (James Sheppard, Justin Schultz) at 17:25

Penalties :
David Savard (SJS) for Tripping (Minor) at 0:11, Jake Muzzin (NJD) for Interference (Minor) at 14:48

2nd period

No Goal

Penalties :
Nikolai Kulemin (SJS) for Holding (Minor) at 1:11, Alexander Wennberg (SJS) for Hooking (Minor) at 4:34, Andrej Sustr (SJS) for Roughing (Minor) at 10:48, Mark Pysyk (SJS) for Hooking (Minor) at 14:21, Vincent Trocheck (NJD) for Hooking (Minor) at 17:09

3rd period

4. Devils , Jake Muzzin 3 (Tommy Wingels, Trevor Daley) at 1:47 (PP)
5. Sharks , Jannik Hansen 6 (David Savard) at 11:19
6. Sharks , Andrew Shaw 16 (Nikolai Kulemin) at 19:41

Penalties :
Robert Bortuzzo (SJS) for Goalie Interference (Minor) at 0:10, John-Michael Liles (NJD) for Hooking (Minor) at 6:34, Johan Franzen (NJD) for Hooking (Minor) at 17:12

Overtime #1

7. Devils , Mikko Koivu 9 (Trevor Daley) at 0:38

Penalties :
No Penalty

Goalie Stats

Michal Neuvirth (NJD), 22 saves from 25 shots - (0.880), W, 1-1-1, 60:39 minutes
Al Montoya (SJS), 34 saves from 38 shots - (0.895), OTL, 5-4-1, 59:59 minutes

Players Stats for Devils

Player Name              G  A  P  +/- PIM S  H  SB GA TA FO     MP     PP MP  PK MP  
------------------------------------------------------------------------------------
Ales Hemsky              0  0  0  -1  0   1  0  0  0  0  0/0    11:45   0:00   0:00 
Brandon Sutter           1  0  1   0  0   4  2  1  0  0  8/16   19:41   4:16   4:45 
Chris Kelly              0  0  0  -2  0   0  0  1  0  0  5/11   16:18   0:00   4:03 
Chris Terry              1  0  1   1  0   2  0  0  0  0  0/0     5:44   0:00   0:00 
Dan Hamhuis              0  0  0   0  0   1  3  3  0  0  0/0    22:15   4:35   4:29 
Darren Helm              0  0  0   1  0   4  0  0  0  0  1/1     5:47   0:00   0:03 
Drew Stafford            0  0  0   1  0   3  0  0  0  0  0/0    10:44   0:00   0:32 
Jake Muzzin              1  0  1   1  2   3  1  1  0  0  0/0    25:45   6:57   3:35 
James Sheppard           0  1  1   1  0   0  0  0  0  0  2/4     5:44   0:00   0:00 
Johan Franzen            0  0  0   0  2   0  3  0  0  0  0/1    20:15   7:16   0:00 
John-Michael Liles       0  0  0   0  2   1  0  1  0  0  0/0    13:06   0:00   0:51 
Justin Schultz           0  1  1   1  0   1  0  1  0  0  0/0    18:45   4:35   0:21 
Mikko Koivu              1  1  2   0  0   3  0  0  0  0  22/39  21:39   7:16   3:02 
Nick Schultz             0  0  0  -1  0   0  1  0  0  0  0/0    16:04   0:00   3:18 
Tommy Wingels            0  1  1  -1  0   4  3  0  0  0  2/3    16:03   4:16   0:00 
Trevor Daley             0  3  3  -1  0   4  0  1  0  0  0/0    25:21   6:57   3:18 
Tyler Johnson            0  0  0  -1  0   2  0  0  0  0  7/16   19:37   7:16   0:00 
Vincent Trocheck         0  0  0   0  2   5  4  0  0  0  2/2    20:03   4:16   3:27 

Players Stats for Sharks

Player Name              G  A  P  +/- PIM S  H  SB GA TA FO     MP     PP MP  PK MP  
------------------------------------------------------------------------------------
Alexander Wennberg       0  0  0   1  2   1  0  0  0  0  7/13    9:42   0:00   0:00 
Andrej Sustr             0  0  0   0  2   2  1  0  0  0  0/0    16:40   2:55   1:58 
Andrew Shaw              1  0  1   0  0   2  5  0  0  0  9/22   14:49   3:00   1:06 
Brooks Laich             0  0  0   0  0   0  1  1  0  0  0/1    13:32   0:00   2:49 
Charlie Coyle            0  0  0   0  0   5  1  0  0  0  0/1    18:10   4:56   0:00 
Colin McDonald           0  0  0   1  0   2  2  0  0  0  0/0     9:43   0:00   0:00 
David Savard             0  1  1   0  2   1  1  4  0  0  0/0    24:58   5:01   5:30 
Jannik Hansen            1  0  1   0  0   3  1  0  0  0  0/1    17:12   3:00   3:50 
Ladislav Smid            0  0  0  -1  0   0  2  1  0  0  0/0    15:04   0:00   0:09 
Luke Witkowski           0  0  0  -1  0   0  0  0  0  0  0/0     6:52   0:00   0:00 
Mark Pysyk               0  0  0   1  2   0  2  1  0  0  0/0    20:17   2:55   5:35 
Martin Marincin          0  0  0   0  0   0  2  1  0  0  0/0    19:13   0:00   4:18 
Matt Beleskey            0  0  0   0  0   1  3  0  0  0  2/2    18:20   4:56   0:10 
Nick Bjugstad            0  0  0  -1  0   3  0  0  0  0  15/31  22:39   4:56   3:50 
Nikolai Kulemin          1  1  2   1  2   2  1  0  0  0  1/2    19:16   3:00   5:34 
Robert Bortuzzo          0  0  0   0  2   0  4  3  0  0  0/0    24:41   5:01   5:13 
Stephen Weiss            0  1  1   0  0   2  0  0  0  0  10/20  12:58   0:00   6:06 
Viktor Stalberg          0  0  0  -1  0   1  0  0  0  0  0/0     6:52   0:00   0:00 

3 Stars

1 - Andrew Shaw (SJS)
2 - Mikko Koivu (NJD)
3 - Nikolai Kulemin (SJS)

Power Play

Devils - 1 on 6 Attempt(s) - 16.67%
Sharks - 0 on 4 Attempt(s) - 0.00%

Penalty Kill

Devils - 4 on 4 Attempt(s) - 100.00% - Score 0 goal in Penalty Kill
Sharks - 5 on 6 Attempt(s) - 83.33% - Score 1 goal in Penalty Kill

Team Stat

Devils - Hits : 17 - Faceoff Wins : 49 - Blocked Shots : 9 - Penalty Minutes : 8
Sharks - Hits : 26 - Faceoff Wins : 44 - Blocked Shots : 11 - Penalty Minutes : 12

Official

Referees : TJ Luxmore and Chris Lee
Linesman : Scott Driscoll and Don Henderson

Game Notes

No Game Note

Finance

Level 1 -- Attendance: 6486 (99.78%) -- Ticket Income $648,600
Level 2 -- Attendance: 5000 (100.00%) -- Ticket Income $300,000
Level 3 -- Attendance: 3500 (100.00%) -- Ticket Income $122,500
Level 4 -- Attendance: 1562 (100.00%) -- Ticket Income $31,240
Luxury Box -- Attendance: 988 (98.80%) -- Ticket Income $197,600
Game was played at the SAP center.
Total Attendance: 17536 (99.85%)
Total Ticket Income: $1,299,940
Other Income: $194,991
Total Income: $1,494,931

% Time on Ice - Devils

Lines # - Real PCT - Wanted PCT - Time Play
Normal Forward
1 - 31% - 35% - 12:21
2 - 25% - 30% - 10:12
3 - 29% - 25% - 11:45
4 - 14% - 10% - 5:44
Normal Defense
1 - 35% - 40% - 13:57
2 - 33% - 40% - 13:11
3 - 31% - 20% - 12:16
4 - 2% - 0% - 0:38
PP Forward
1 - 63% - 70% - 7:16
2 - 37% - 30% - 4:16
PP Defense
1 - 60% - 70% - 6:57
2 - 40% - 30% - 4:35
PK Forward
1 - 38% - 50% - 3:02
2 - 62% - 50% - 4:54
PK Defense
1 - 42% - 50% - 3:18
2 - 58% - 50% - 4:38
PK3 Forward
1 - 0% - 50%
2 - 0% - 50%
PK3 Defense
1 - 0% - 60%
2 - 0% - 40%
44 Forward
1 - 100% - 50% - 0:39
2 - 0% - 50% - 0:00
44 Defense
1 - 100% - 60% - 0:39
2 - 0% - 40% - 0:00
Last Minute Offensive  - 0:00
Last Minute Defensive  - 0:30
Total
Forward - 60:39
Defense - 60:39

% Time on Ice - Sharks

Lines # - Real PCT - Wanted PCT - Time Play
Normal Forward
1 - 33% - 33% - 13:14
2 - 26% - 27% - 10:13
3 - 24% - 25% - 9:43
4 - 17% - 15% - 6:52
Normal Defense
1 - 35% - 40% - 13:49
2 - 28% - 35% - 11:18
3 - 37% - 25% - 14:55
4 - 0% - 0% - 0:00
PP Forward
1 - 62% - 60% - 4:56
2 - 38% - 40% - 3:00
PP Defense
1 - 63% - 60% - 5:01
2 - 37% - 40% - 2:55
PK Forward
1 - 67% - 60% - 7:42
2 - 33% - 40% - 3:50
PK Defense
1 - 57% - 60% - 6:33
2 - 43% - 40% - 4:59
PK3 Forward
1 - 0% - 60%
2 - 0% - 40%
PK3 Defense
1 - 0% - 60%
2 - 0% - 40%
44 Forward
1 - 100% - 60% - 0:39
2 - 0% - 40% - 0:00
44 Defense
1 - 100% - 60% - 0:39
2 - 0% - 40% - 0:00
Last Minute Offensive  - 0:30
Last Minute Defensive  - 0:00
Total
Forward - 60:39
Defense - 60:39

Play by Play

1st period


0:01 of 1st period - Tyler Johnson wins face-off versus Nick Bjugstad in neutral zone.
0:11 of 1st period - Minor Penalty to David Savard for Tripping.
0:12 of 1st period - Mikko Koivu wins face-off versus Stephen Weiss in Sharks zone.
0:15 of 1st period - Shot by Mikko Koivu.
0:15 of 1st period - Shot Misses the Net.
0:38 of 1st period - Nikolai Kulemin is hit by Johan Franzen.
0:44 of 1st period - Shot by Stephen Weiss.
0:44 of 1st period - Stopped by Michal Neuvirth with a rebound.
1:09 of 1st period - Icing by Trevor Daley.
1:10 of 1st period - Stephen Weiss wins face-off versus Mikko Koivu in Devils zone.
1:11 of 1st period - Shot by Nikolai Kulemin.
1:11 of 1st period - Goal by Nikolai Kulemin - Devils : 0 - Sharks : 1.
1:12 of 1st period - Stephen Weiss wins face-off versus Brandon Sutter in neutral zone.
1:41 of 1st period - Off-side.
1:42 of 1st period - Mikko Koivu wins face-off versus Stephen Weiss in neutral zone.
2:15 of 1st period - Icing by Martin Marincin.
2:16 of 1st period - Alexander Wennberg wins face-off versus Chris Kelly in Sharks zone.
2:16 of 1st period - Alexander Wennberg is hit by Tommy Wingels.
2:22 of 1st period - Colin McDonald is hit by Tommy Wingels and loses puck.
2:32 of 1st period - Alexander Wennberg is hit by Dan Hamhuis.
2:50 of 1st period - Shot by Colin McDonald.
2:50 of 1st period - Stopped by Michal Neuvirth with a rebound.
2:52 of 1st period - Shot by Ladislav Smid.
2:52 of 1st period - Shot Misses the Net.
3:15 of 1st period - Icing by Dan Hamhuis.
3:16 of 1st period - Nick Bjugstad wins face-off versus Chris Kelly in Devils zone.
3:17 of 1st period - Shot by Charlie Coyle.
3:17 of 1st period - Shot Misses the Net.
3:55 of 1st period - Shot by Drew Stafford.
3:55 of 1st period - Stopped by Al Montoya without a rebound.
3:56 of 1st period - Vincent Trocheck wins face-off versus Andrew Shaw in Sharks zone.
3:56 of 1st period - Vincent Trocheck is hit by Andrej Sustr.
4:30 of 1st period - Icing by Nikolai Kulemin.
4:31 of 1st period - Mikko Koivu wins face-off versus Andrew Shaw in Sharks zone.
4:32 of 1st period - Shot by Drew Stafford.
4:32 of 1st period - Shot Misses the Net.
4:41 of 1st period - Icing by Mark Pysyk.
4:42 of 1st period - James Sheppard wins face-off versus Andrew Shaw in Sharks zone.
5:31 of 1st period - Icing by David Savard.
5:32 of 1st period - Nick Bjugstad wins face-off versus Johan Franzen in Sharks zone.
5:49 of 1st period - Icing by Dan Hamhuis.
5:50 of 1st period - Tyler Johnson wins face-off versus Stephen Weiss in Devils zone.
5:59 of 1st period - Martin Marincin is hit by Johan Franzen.
6:17 of 1st period - Shot by Vincent Trocheck.
6:17 of 1st period - Stopped by Al Montoya without a rebound.
6:18 of 1st period - Mikko Koivu wins face-off versus Andrew Shaw in Sharks zone.
6:22 of 1st period - Mikko Koivu is hit by Mark Pysyk and loses puck.
6:26 of 1st period - Icing by Andrej Sustr.
6:27 of 1st period - Nikolai Kulemin wins face-off versus Mikko Koivu in Sharks zone.
6:50 of 1st period - Shot by Mikko Koivu.
6:50 of 1st period - Shot Blocked by Brooks Laich.
6:52 of 1st period - Shot by Brandon Sutter.
6:52 of 1st period - Goal by Brandon Sutter - Devils : 1 - Sharks : 1.
6:53 of 1st period - Alexander Wennberg wins face-off versus Tyler Johnson in neutral zone.
6:56 of 1st period - Shot by Colin McDonald.
6:56 of 1st period - Deflect By Jannik Hansen.
6:56 of 1st period - Shot Blocked by John-Michael Liles.
7:27 of 1st period - Icing by Nick Schultz.
7:28 of 1st period - Matt Beleskey wins face-off versus Tyler Johnson in Devils zone.
7:42 of 1st period - Shot by Matt Beleskey.
7:42 of 1st period - Shot Misses the Net.
7:58 of 1st period - Shot by Charlie Coyle.
7:58 of 1st period - Stopped by Michal Neuvirth without a rebound.
7:59 of 1st period - Stephen Weiss wins face-off versus Mikko Koivu in Devils zone.
8:54 of 1st period - Icing by David Savard.
8:55 of 1st period - Chris Kelly wins face-off versus Andrew Shaw in Sharks zone.
8:55 of 1st period - Trevor Daley is hit by Robert Bortuzzo and loses puck.
9:05 of 1st period - Shot by Jake Muzzin.
9:05 of 1st period - Stopped by Al Montoya with a rebound.
9:07 of 1st period - Shot by Jake Muzzin.
9:07 of 1st period - Stopped by Al Montoya with a rebound.
9:31 of 1st period - Shot by Tommy Wingels.
9:31 of 1st period - Shot Blocked by Robert Bortuzzo.
9:33 of 1st period - Shot by Tommy Wingels.
9:33 of 1st period - Shot Blocked by David Savard.
9:37 of 1st period - Shot by Chris Kelly.
9:37 of 1st period - Shot Misses the Net.
9:39 of 1st period - Shot by Ales Hemsky.
9:39 of 1st period - Stopped by Al Montoya with a rebound.
9:56 of 1st period - Johan Franzen is hit by Nikolai Kulemin and loses puck.
10:02 of 1st period - Off-side.
10:03 of 1st period - Mikko Koivu wins face-off versus Charlie Coyle in neutral zone.
10:13 of 1st period - Shot by Charlie Coyle.
10:13 of 1st period - Shot Hit the Post.
10:17 of 1st period - Shot by Nick Bjugstad.
10:17 of 1st period - Shot Misses the Net.
10:19 of 1st period - Shot by Charlie Coyle.
10:19 of 1st period - Shot Blocked by Dan Hamhuis.
10:25 of 1st period - Shot by Matt Beleskey.
10:25 of 1st period - Stopped by Michal Neuvirth with a rebound.
10:27 of 1st period - Shot by Charlie Coyle.
10:27 of 1st period - Shot Misses the Net.
11:23 of 1st period - Shot by Vincent Trocheck.
11:23 of 1st period - Shot Blocked by Ladislav Smid.
11:44 of 1st period - Vincent Trocheck is hit by Martin Marincin and loses puck.
12:24 of 1st period - Shot by Stephen Weiss.
12:24 of 1st period - Stopped by Michal Neuvirth with a rebound.
12:26 of 1st period - Shot by Viktor Stalberg.
12:26 of 1st period - Shot Misses the Net.
12:47 of 1st period - Icing by Tommy Wingels.
12:48 of 1st period - Matt Beleskey wins face-off versus Chris Kelly in Devils zone.
13:17 of 1st period - Shot by Nick Bjugstad.
13:17 of 1st period - Stopped by Michal Neuvirth with a rebound.
13:20 of 1st period - Icing by Dan Hamhuis.
13:21 of 1st period - Andrew Shaw wins face-off versus Mikko Koivu in Devils zone.
13:26 of 1st period - Shot by Nikolai Kulemin.
13:26 of 1st period - Shot Blocked by Dan Hamhuis.
13:49 of 1st period - Brandon Sutter is hit by Brooks Laich.
13:50 of 1st period - Icing by Brandon Sutter.
13:51 of 1st period - Alexander Wennberg wins face-off versus Mikko Koivu in Devils zone.
14:04 of 1st period - Shot by Alexander Wennberg.
14:04 of 1st period - Stopped by Michal Neuvirth with a rebound.
14:06 of 1st period - Shot by Alexander Wennberg.
14:06 of 1st period - Shot Misses the Net.
14:11 of 1st period - Icing by Justin Schultz.
14:12 of 1st period - Mikko Koivu wins face-off versus Nick Bjugstad in Devils zone.
14:40 of 1st period - Tyler Johnson is hit by Matt Beleskey and loses puck.
14:48 of 1st period - Minor Penalty to Jake Muzzin for Interference.
14:49 of 1st period - Mikko Koivu wins face-off versus Jannik Hansen in Devils zone.
14:49 of 1st period - Mikko Koivu is hit by Andrew Shaw.
15:09 of 1st period - Shot by Robert Bortuzzo.
15:09 of 1st period - Shot Misses the Net.
15:11 of 1st period - Shot by David Savard.
15:11 of 1st period - Stopped by Michal Neuvirth with a rebound.
15:13 of 1st period - Shot by David Savard.
15:13 of 1st period - Shot Misses the Net.
16:22 of 1st period - Icing by Nick Bjugstad.
16:23 of 1st period - Nick Bjugstad wins face-off versus Brandon Sutter in Sharks zone.
16:34 of 1st period - Shot by Matt Beleskey.
16:34 of 1st period - Shot Misses the Net.
17:15 of 1st period - Shot by Viktor Stalberg.
17:15 of 1st period - Stopped by Michal Neuvirth with a rebound.
17:25 of 1st period - Shot by Chris Terry.
17:25 of 1st period - Goal by Chris Terry - Devils : 2 - Sharks : 1.
17:26 of 1st period - Alexander Wennberg wins face-off versus Chris Kelly in neutral zone.
17:40 of 1st period - Shot by Ales Hemsky.
17:40 of 1st period - Shot Misses the Net.
18:43 of 1st period - Icing by Tyler Johnson.
18:44 of 1st period - Nick Bjugstad wins face-off versus Tyler Johnson in Devils zone.
18:44 of 1st period - Matt Beleskey is hit by Jake Muzzin and loses puck.
19:06 of 1st period - Icing by Jake Muzzin.
19:07 of 1st period - Andrew Shaw wins face-off versus Tyler Johnson in Devils zone.
19:26 of 1st period - Icing by Ladislav Smid.
19:27 of 1st period - Mikko Koivu wins face-off versus Andrew Shaw in Sharks zone.
19:40 of 1st period - Shot by Brandon Sutter.
19:40 of 1st period - Stopped by Al Montoya without a rebound.
19:41 of 1st period - Chris Kelly wins face-off versus Nick Bjugstad in Sharks zone.
19:53 of 1st period - Icing by Mark Pysyk.
19:54 of 1st period - Mikko Koivu wins face-off versus Nick Bjugstad in Sharks zone.
19:55 of 1st period - Shot by Drew Stafford.
19:55 of 1st period - Deflect By Mikko Koivu.
19:55 of 1st period - Shot Misses the Net.
Goals for this period are 2 for Devils vs 1 for Sharks.
Shots for this period are 8 for Devils vs 10 for Sharks.

2nd period


0:01 of 2nd period - Nick Bjugstad wins face-off versus Tyler Johnson in neutral zone.
0:01 of 2nd period - Nick Bjugstad is hit by Vincent Trocheck.
0:55 of 2nd period - Charlie Coyle is hit by Dan Hamhuis and loses puck.
1:09 of 2nd period - Icing by Dan Hamhuis.
1:10 of 2nd period - Mikko Koivu wins face-off versus Andrew Shaw in Devils zone.
1:10 of 2nd period - Mikko Koivu is hit by Andrew Shaw.
1:11 of 2nd period - Minor Penalty to Nikolai Kulemin for Holding.
1:12 of 2nd period - Stephen Weiss wins face-off versus Brandon Sutter in Sharks zone.
1:21 of 2nd period - Brooks Laich is hit by Tommy Wingels and loses puck.
1:26 of 2nd period - Shot by Brandon Sutter.
1:26 of 2nd period - Shot Misses the Net.
1:28 of 2nd period - Shot by Tommy Wingels.
1:28 of 2nd period - Stopped by Al Montoya without a rebound.
1:29 of 2nd period - Mikko Koivu wins face-off versus Stephen Weiss in Sharks zone.
1:51 of 2nd period - Icing by Tyler Johnson.
1:52 of 2nd period - Mikko Koivu wins face-off versus Stephen Weiss in Devils zone.
2:08 of 2nd period - Icing by Tyler Johnson.
2:09 of 2nd period - Mikko Koivu wins face-off versus Stephen Weiss in Devils zone.
2:52 of 2nd period - Vincent Trocheck is hit by Martin Marincin and loses puck.
3:35 of 2nd period - Icing by David Savard.
3:36 of 2nd period - Nick Bjugstad wins face-off versus Chris Kelly in Sharks zone.
3:53 of 2nd period - Shot by Charlie Coyle.
3:53 of 2nd period - Stopped by Michal Neuvirth with a rebound.
3:55 of 2nd period - Shot by David Savard.
3:55 of 2nd period - Shot Misses the Net.
4:04 of 2nd period - Dan Hamhuis is hit by Charlie Coyle and loses puck.
4:16 of 2nd period - Tommy Wingels is hit by Jannik Hansen and loses puck.
4:34 of 2nd period - Minor Penalty to Alexander Wennberg for Hooking.
4:35 of 2nd period - Mikko Koivu wins face-off versus Stephen Weiss in Sharks zone.
5:01 of 2nd period - Shot by Trevor Daley.
5:01 of 2nd period - Shot Misses the Net.
5:03 of 2nd period - Shot by Trevor Daley.
5:03 of 2nd period - Stopped by Al Montoya without a rebound.
5:04 of 2nd period - Stephen Weiss wins face-off versus Brandon Sutter in Sharks zone.
5:30 of 2nd period - Icing by Trevor Daley.
5:31 of 2nd period - Brandon Sutter wins face-off versus Nick Bjugstad in Devils zone.
5:40 of 2nd period - Shot by Vincent Trocheck.
5:40 of 2nd period - Shot Misses the Net.
5:42 of 2nd period - Shot by Tommy Wingels.
5:42 of 2nd period - Stopped by Al Montoya with a rebound.
5:44 of 2nd period - Shot by Trevor Daley.
5:44 of 2nd period - Stopped by Al Montoya without a rebound.
5:45 of 2nd period - Stephen Weiss wins face-off versus Mikko Koivu in Sharks zone.
7:07 of 2nd period - Icing by Nick Schultz.
7:08 of 2nd period - James Sheppard wins face-off versus Alexander Wennberg in Devils zone.
7:08 of 2nd period - James Sheppard is hit by Colin McDonald.
8:00 of 2nd period - Trevor Daley is hit by Robert Bortuzzo and loses puck.
8:35 of 2nd period - Shot by Tyler Johnson.
8:35 of 2nd period - Stopped by Al Montoya with a rebound.
9:58 of 2nd period - Shot by Drew Stafford.
9:58 of 2nd period - Stopped by Al Montoya without a rebound.
9:59 of 2nd period - Alexander Wennberg wins face-off versus James Sheppard in Sharks zone.
10:04 of 2nd period - Jake Muzzin is hit by Colin McDonald and loses puck.
10:23 of 2nd period - Off-side.
10:24 of 2nd period - Nick Bjugstad wins face-off versus Chris Kelly in neutral zone.
10:37 of 2nd period - Shot by Charlie Coyle.
10:37 of 2nd period - Stopped by Michal Neuvirth with a rebound.
10:48 of 2nd period - Minor Penalty to Andrej Sustr for Roughing.
10:49 of 2nd period - Stephen Weiss wins face-off versus Mikko Koivu in Sharks zone.
11:00 of 2nd period - Shot by Mikko Koivu.
11:00 of 2nd period - Shot Misses the Net.
11:02 of 2nd period - Shot by Trevor Daley.
11:02 of 2nd period - Shot Misses the Net.
11:04 of 2nd period - Shot by Mikko Koivu.
11:04 of 2nd period - Shot Blocked by Mark Pysyk.
11:06 of 2nd period - Shot by Jake Muzzin.
11:06 of 2nd period - Shot Misses the Net.
11:19 of 2nd period - Shot by Trevor Daley.
11:19 of 2nd period - Shot Misses the Net.
11:21 of 2nd period - Shot by Jake Muzzin.
11:21 of 2nd period - Shot Misses the Net.
11:43 of 2nd period - Shot by Tommy Wingels.
11:43 of 2nd period - Stopped by Al Montoya without a rebound.
11:44 of 2nd period - Nick Bjugstad wins face-off versus Brandon Sutter in Sharks zone.
11:59 of 2nd period - Shot by Brandon Sutter.
11:59 of 2nd period - Deflect By Vincent Trocheck.
11:59 of 2nd period - Stopped by Al Montoya with a rebound.
12:01 of 2nd period - Shot by Vincent Trocheck.
12:01 of 2nd period - Stopped by Al Montoya with a rebound.
12:03 of 2nd period - Shot by Dan Hamhuis.
12:03 of 2nd period - Stopped by Al Montoya without a rebound.
12:04 of 2nd period - Brandon Sutter wins face-off versus Nick Bjugstad in Sharks zone.
12:14 of 2nd period - Shot by Vincent Trocheck.
12:14 of 2nd period - Stopped by Al Montoya without a rebound.
12:15 of 2nd period - Nick Bjugstad wins face-off versus Mikko Koivu in Sharks zone.
14:00 of 2nd period - Shot by Darren Helm.
14:00 of 2nd period - Stopped by Al Montoya with a rebound.
14:02 of 2nd period - Shot by Darren Helm.
14:02 of 2nd period - Shot Misses the Net.
14:04 of 2nd period - Shot by John-Michael Liles.
14:04 of 2nd period - Stopped by Al Montoya with a rebound.
14:08 of 2nd period - Shot by Darren Helm.
14:08 of 2nd period - Stopped by Al Montoya with a rebound.
14:16 of 2nd period - Shot by Darren Helm.
14:16 of 2nd period - Stopped by Al Montoya with a rebound.
14:18 of 2nd period - Shot by Chris Terry.
14:18 of 2nd period - Stopped by Al Montoya without a rebound.
14:19 of 2nd period - Tyler Johnson wins face-off versus Andrew Shaw in Sharks zone.
14:21 of 2nd period - Minor Penalty to Mark Pysyk for Hooking.
14:22 of 2nd period - Mikko Koivu wins face-off versus Nick Bjugstad in Sharks zone.
14:24 of 2nd period - Tyler Johnson is hit by Robert Bortuzzo and loses puck.
15:03 of 2nd period - Shot by Trevor Daley.
15:03 of 2nd period - Shot Misses the Net.
15:55 of 2nd period - Icing by Brandon Sutter.
15:56 of 2nd period - Stephen Weiss wins face-off versus Tommy Wingels in Devils zone.
15:56 of 2nd period - Stephen Weiss is hit by Dan Hamhuis.
16:07 of 2nd period - Off-side.
16:08 of 2nd period - Mikko Koivu wins face-off versus Nick Bjugstad in neutral zone.
16:36 of 2nd period - John-Michael Liles is hit by Matt Beleskey and loses puck.
16:40 of 2nd period - Icing by Nick Schultz.
16:41 of 2nd period - Alexander Wennberg wins face-off versus James Sheppard in Devils zone.
17:02 of 2nd period - Shot by Darren Helm.
17:02 of 2nd period - Stopped by Al Montoya without a rebound.
17:03 of 2nd period - Andrew Shaw wins face-off versus Tyler Johnson in Sharks zone.
17:08 of 2nd period - Shot by Vincent Trocheck.
17:08 of 2nd period - Shot Misses the Net.
17:09 of 2nd period - Minor Penalty to Vincent Trocheck for Hooking.
17:10 of 2nd period - Nick Bjugstad wins face-off versus Mikko Koivu in Devils zone.
17:13 of 2nd period - Shot by Matt Beleskey.
17:13 of 2nd period - Shot Blocked by Dan Hamhuis.
17:35 of 2nd period - Shot by Charlie Coyle.
17:35 of 2nd period - Stopped by Michal Neuvirth without a rebound.
17:36 of 2nd period - Andrew Shaw wins face-off versus Brandon Sutter in Devils zone.
18:01 of 2nd period - Shot by Nikolai Kulemin.
18:01 of 2nd period - Shot Misses the Net.
18:03 of 2nd period - Shot by Andrej Sustr.
18:03 of 2nd period - Shot Misses the Net.
18:05 of 2nd period - Shot by Andrej Sustr.
18:05 of 2nd period - Stopped by Michal Neuvirth without a rebound.
18:06 of 2nd period - Nick Bjugstad wins face-off versus Brandon Sutter in Devils zone.
18:11 of 2nd period - Shot by Matt Beleskey.
18:11 of 2nd period - Deflect By Nick Bjugstad.
18:11 of 2nd period - Stopped by Michal Neuvirth with a rebound.
18:19 of 2nd period - Shot by Charlie Coyle.
18:19 of 2nd period - Stopped by Michal Neuvirth without a rebound.
18:20 of 2nd period - Brandon Sutter wins face-off versus Nick Bjugstad in Devils zone.
18:20 of 2nd period - Brandon Sutter is hit by Matt Beleskey.
19:38 of 2nd period - Vincent Trocheck is hit by Ladislav Smid and loses puck.
19:49 of 2nd period - Shot by Vincent Trocheck.
19:49 of 2nd period - Shot Misses the Net.
Goals for this period are 0 for Devils vs 0 for Sharks.
Shots for this period are 17 for Devils vs 6 for Sharks.

3rd period


0:01 of 3rd period - Andrew Shaw wins face-off versus Mikko Koivu in neutral zone.
0:10 of 3rd period - Minor Penalty to Robert Bortuzzo for Goalie Interference.
0:11 of 3rd period - Mikko Koivu wins face-off versus Stephen Weiss in Sharks zone.
0:13 of 3rd period - Tyler Johnson is hit by David Savard and loses puck.
0:24 of 3rd period - Shot by Mikko Koivu.
0:24 of 3rd period - Shot Blocked by David Savard.
0:26 of 3rd period - Shot by Trevor Daley.
0:26 of 3rd period - Stopped by Al Montoya without a rebound.
0:27 of 3rd period - Brandon Sutter wins face-off versus Stephen Weiss in Sharks zone.
0:59 of 3rd period - Shot by Jake Muzzin.
0:59 of 3rd period - Shot Misses the Net.
1:01 of 3rd period - Shot by Trevor Daley.
1:01 of 3rd period - Shot Misses the Net.
1:03 of 3rd period - Shot by Tommy Wingels.
1:03 of 3rd period - Stopped by Al Montoya without a rebound.
1:04 of 3rd period - Stephen Weiss wins face-off versus Mikko Koivu in Sharks zone.
1:04 of 3rd period - Stephen Weiss is hit by Johan Franzen.
1:16 of 3rd period - Shot by Mikko Koivu.
1:16 of 3rd period - Stopped by Al Montoya without a rebound.
1:17 of 3rd period - Mikko Koivu wins face-off versus Stephen Weiss in Sharks zone.
1:38 of 3rd period - Shot by Tyler Johnson.
1:38 of 3rd period - Stopped by Al Montoya without a rebound.
1:39 of 3rd period - Brandon Sutter wins face-off versus Nick Bjugstad in Sharks zone.
1:45 of 3rd period - Shot by Tommy Wingels.
1:45 of 3rd period - Shot Misses the Net.
1:47 of 3rd period - Shot by Jake Muzzin.
1:47 of 3rd period - Goal by Jake Muzzin - Devils : 3 - Sharks : 1.
1:48 of 3rd period - Nick Bjugstad wins face-off versus Mikko Koivu in neutral zone.
1:57 of 3rd period - Shot by Nick Bjugstad.
1:57 of 3rd period - Shot Misses the Net.
2:01 of 3rd period - Shot by Nick Bjugstad.
2:01 of 3rd period - Shot Hit the Post.
2:27 of 3rd period - Shot by Matt Beleskey.
2:27 of 3rd period - Shot Blocked by Trevor Daley.
2:29 of 3rd period - Shot by Nick Bjugstad.
2:29 of 3rd period - Stopped by Michal Neuvirth with a rebound.
2:42 of 3rd period - Off-side.
2:43 of 3rd period - Tyler Johnson wins face-off versus Andrew Shaw in neutral zone.
2:51 of 3rd period - Icing by David Savard.
2:52 of 3rd period - Tyler Johnson wins face-off versus Andrew Shaw in Sharks zone.
2:53 of 3rd period - Shot by Vincent Trocheck.
2:53 of 3rd period - Shot Blocked by Robert Bortuzzo.
3:06 of 3rd period - Icing by David Savard.
3:07 of 3rd period - Chris Kelly wins face-off versus Andrew Shaw in Sharks zone.
3:51 of 3rd period - Icing by Nick Schultz.
3:52 of 3rd period - Tommy Wingels wins face-off versus Nick Bjugstad in Devils zone.
4:00 of 3rd period - Charlie Coyle is hit by Nick Schultz.
4:09 of 3rd period - Off-side.
4:10 of 3rd period - Vincent Trocheck wins face-off versus Alexander Wennberg in neutral zone.
4:13 of 3rd period - Martin Marincin is hit by Vincent Trocheck and loses puck.
5:10 of 3rd period - Shot by Matt Beleskey.
5:10 of 3rd period - Shot Blocked by Justin Schultz.
5:12 of 3rd period - Shot by Matt Beleskey.
5:12 of 3rd period - Shot Misses the Net.
5:14 of 3rd period - Shot by Andrej Sustr.
5:14 of 3rd period - Stopped by Michal Neuvirth without a rebound.
5:15 of 3rd period - Mikko Koivu wins face-off versus Andrew Shaw in Devils zone.
5:17 of 3rd period - Icing by Trevor Daley.
5:18 of 3rd period - Nick Bjugstad wins face-off versus Mikko Koivu in Devils zone.
5:21 of 3rd period - Shot by Matt Beleskey.
5:21 of 3rd period - Shot Blocked by Jake Muzzin.
5:42 of 3rd period - Jake Muzzin is hit by Robert Bortuzzo and loses puck.
5:59 of 3rd period - Shot by Mikko Koivu.
5:59 of 3rd period - Stopped by Al Montoya with a rebound.
6:34 of 3rd period - Minor Penalty to John-Michael Liles for Hooking.
6:35 of 3rd period - Brandon Sutter wins face-off versus Andrew Shaw in Devils zone.
6:55 of 3rd period - Shot by Andrej Sustr.
6:55 of 3rd period - Shot Misses the Net.
7:10 of 3rd period - Icing by Mark Pysyk.
7:11 of 3rd period - Andrew Shaw wins face-off versus Brandon Sutter in Sharks zone.
7:16 of 3rd period - Jake Muzzin is hit by Andrew Shaw and loses puck.
7:40 of 3rd period - Shot by David Savard.
7:40 of 3rd period - Shot Misses the Net.
7:42 of 3rd period - Shot by David Savard.
7:42 of 3rd period - Shot Blocked by Brandon Sutter.
8:47 of 3rd period - Shot by Chris Terry.
8:47 of 3rd period - Shot Misses the Net.
9:04 of 3rd period - Shot by James Sheppard.
9:04 of 3rd period - Shot Blocked by Martin Marincin.
9:10 of 3rd period - Shot by James Sheppard.
9:10 of 3rd period - Shot Misses the Net.
9:17 of 3rd period - Icing by Martin Marincin.
9:18 of 3rd period - Stephen Weiss wins face-off versus Tyler Johnson in Sharks zone.
9:57 of 3rd period - Shot by Vincent Trocheck.
9:57 of 3rd period - Shot Misses the Net.
10:25 of 3rd period - Shot by Ales Hemsky.
10:25 of 3rd period - Shot Misses the Net.
10:27 of 3rd period - Shot by Ales Hemsky.
10:27 of 3rd period - Shot Misses the Net.
10:29 of 3rd period - Shot by Trevor Daley.
10:29 of 3rd period - Stopped by Al Montoya without a rebound.
10:30 of 3rd period - Andrew Shaw wins face-off versus Mikko Koivu in Sharks zone.
10:43 of 3rd period - Shot by Brandon Sutter.
10:43 of 3rd period - Shot Misses the Net.
10:45 of 3rd period - Shot by Brandon Sutter.
10:45 of 3rd period - Stopped by Al Montoya with a rebound.
10:51 of 3rd period - Shot by Drew Stafford.
10:51 of 3rd period - Stopped by Al Montoya without a rebound.
10:52 of 3rd period - Chris Kelly wins face-off versus Alexander Wennberg in Sharks zone.
11:17 of 3rd period - Shot by Jannik Hansen.
11:17 of 3rd period - Shot Misses the Net.
11:19 of 3rd period - Shot by Jannik Hansen.
11:19 of 3rd period - Goal by Jannik Hansen - Devils : 3 - Sharks : 2.
11:20 of 3rd period - Nick Bjugstad wins face-off versus Tyler Johnson in neutral zone.
11:20 of 3rd period - Andrej Sustr is hit by Vincent Trocheck and loses puck.
11:39 of 3rd period - Shot by Charlie Coyle.
11:39 of 3rd period - Shot Misses the Net.
11:44 of 3rd period - Off-side.
11:45 of 3rd period - Andrew Shaw wins face-off versus Mikko Koivu in neutral zone.
11:50 of 3rd period - Mikko Koivu is hit by Andrew Shaw and loses puck.
11:59 of 3rd period - Icing by Robert Bortuzzo.
12:00 of 3rd period - Andrew Shaw wins face-off versus Tyler Johnson in Sharks zone.
12:07 of 3rd period - Shot by Nikolai Kulemin.
12:07 of 3rd period - Stopped by Michal Neuvirth with a rebound.
12:32 of 3rd period - Shot by Andrew Shaw.
12:32 of 3rd period - Stopped by Michal Neuvirth with a rebound.
12:44 of 3rd period - Shot by Vincent Trocheck.
12:44 of 3rd period - Stopped by Al Montoya without a rebound.
12:45 of 3rd period - Mikko Koivu wins face-off versus Nick Bjugstad in Sharks zone.
12:56 of 3rd period - Matt Beleskey is hit by Brandon Sutter and loses puck.
13:10 of 3rd period - Icing by Dan Hamhuis.
13:11 of 3rd period - Alexander Wennberg wins face-off versus Mikko Koivu in Devils zone.
13:14 of 3rd period - Shot by Jannik Hansen.
13:14 of 3rd period - Stopped by Michal Neuvirth without a rebound.
13:15 of 3rd period - Tommy Wingels wins face-off versus Alexander Wennberg in Devils zone.
13:44 of 3rd period - Shot by Jannik Hansen.
13:44 of 3rd period - Shot Misses the Net.
13:46 of 3rd period - Shot by Colin McDonald.
13:46 of 3rd period - Stopped by Michal Neuvirth with a rebound.
13:48 of 3rd period - Shot by Jannik Hansen.
13:48 of 3rd period - Deflect By Alexander Wennberg.
13:48 of 3rd period - Shot Misses the Net.
13:50 of 3rd period - Shot by Ladislav Smid.
13:50 of 3rd period - Shot Misses the Net.
14:08 of 3rd period - Icing by Nick Bjugstad.
14:09 of 3rd period - Tyler Johnson wins face-off versus Nick Bjugstad in Sharks zone.
14:45 of 3rd period - Shot by Tyler Johnson.
14:45 of 3rd period - Shot Misses the Net.
14:47 of 3rd period - Shot by Justin Schultz.
14:47 of 3rd period - Stopped by Al Montoya with a rebound.
15:24 of 3rd period - Shot by Brooks Laich.
15:24 of 3rd period - Shot Misses the Net.
16:10 of 3rd period - Icing by Alexander Wennberg.
16:11 of 3rd period - Chris Kelly wins face-off versus Alexander Wennberg in Sharks zone.
16:37 of 3rd period - Tommy Wingels is hit by Ladislav Smid and loses puck.
17:03 of 3rd period - Off-side.
17:04 of 3rd period - Tyler Johnson wins face-off versus Nikolai Kulemin in neutral zone.
17:08 of 3rd period - Tyler Johnson is hit by Mark Pysyk and loses puck.
17:12 of 3rd period - Minor Penalty to Johan Franzen for Hooking.
17:13 of 3rd period - Brandon Sutter wins face-off versus Nick Bjugstad in Devils zone.
17:18 of 3rd period - David Savard is hit by Vincent Trocheck and loses puck.
17:23 of 3rd period - Shot by Brandon Sutter.
17:23 of 3rd period - Stopped by Al Montoya with a rebound.
17:25 of 3rd period - Shot by Brandon Sutter.
17:25 of 3rd period - Shot Blocked by Robert Bortuzzo.
17:27 of 3rd period - Shot by Jake Muzzin.
17:27 of 3rd period - Shot Blocked by David Savard.
17:29 of 3rd period - Shot by Dan Hamhuis.
17:29 of 3rd period - Shot Misses the Net.
17:42 of 3rd period - Matt Beleskey is hit by Brandon Sutter and loses puck.
18:06 of 3rd period - Icing by David Savard.
18:07 of 3rd period - Nick Bjugstad wins face-off versus Mikko Koivu in Sharks zone.
18:37 of 3rd period - Icing by David Savard.
18:38 of 3rd period - Brandon Sutter wins face-off versus Nick Bjugstad in Sharks zone.
19:01 of 3rd period - Sharks, Al Montoya is pulled from the net.
19:13 of 3rd period - Shot by Jannik Hansen.
19:13 of 3rd period - Stopped by Michal Neuvirth without a rebound.
19:14 of 3rd period - Mikko Koivu wins face-off versus Brooks Laich in Devils zone.
19:14 of 3rd period - Mikko Koivu is hit by Andrew Shaw.
19:33 of 3rd period - Shot by Andrew Shaw.
19:33 of 3rd period - Shot Blocked by Chris Kelly.
19:35 of 3rd period - Shot by Mark Pysyk.
19:35 of 3rd period - Shot Hit the Post.
19:41 of 3rd period - Shot by Andrew Shaw.
19:41 of 3rd period - Goal by Andrew Shaw - Devils : 3 - Sharks : 3.
19:41 of 3rd period - Al Montoya from Sharks was sent back in the game.
19:42 of 3rd period - Darren Helm wins face-off versus Alexander Wennberg in neutral zone.
19:59 of 3rd period - Shot by James Sheppard.
19:59 of 3rd period - Shot Misses the Net.
Goals for this period are 1 for Devils vs 2 for Sharks.
Shots for this period are 12 for Devils vs 9 for Sharks.

Overtime #1


0:01 of 1st overtime period - Mikko Koivu wins face-off versus Nick Bjugstad in neutral zone.
0:08 of 1st overtime period - Shot by Mikko Koivu.
0:08 of 1st overtime period - Deflect By Johan Franzen.
0:08 of 1st overtime period - Shot Blocked by David Savard.
0:10 of 1st overtime period - Shot by Mikko Koivu.
0:10 of 1st overtime period - Shot Misses the Net.
0:18 of 1st overtime period - Shot by Johan Franzen.
0:18 of 1st overtime period - Shot Misses the Net.
0:38 of 1st overtime period - Shot by Mikko Koivu.
0:38 of 1st overtime period - Goal by Mikko Koivu - Devils : 4 - Sharks : 3.
Goals for this period are 1 for Devils vs 0 for Sharks.
Shots for this period are 1 for Devils vs 0 for Sharks.